 Dungeon Crawl Stone Soup version 0.25-a0-1133-g93ebf739aa (webtiles) character file.

Game seed: 6542671525276636517, levelgen mode: deterministic

30 vurker the Charlatan (level 3, -1/27 HPs)
             Began as a Human Artificer on May 20, 2020.
             Slain by a quokka (3 damage)
             ... on level 1 of the Dungeon.
             The game lasted 00:01:23 (998 turns).

vurker the Charlatan (Human Artificer)               Turns: 998, Time: 00:01:23

Health: -1/27      AC:  8    Str: 13    XL:     3   Next: 35%
Magic:  5/5        EV:  6    Int: 11    God:
Gold:   30         SH:  0    Dex: 13    Spells: 2/2 levels left

rFire    . . .     SeeInvis .   a - +0 short sword
rCold    . . .     Gourm    .   (no shield)
rNeg     . . .     Faith    .   k - +0 chain mail
rPois    .         Spirit   .   (no helmet)
rElec    .         Reflect  .   (no cloak)
rCorr    .         Harm     .   (no gloves)
MR       .....                  (no boots)
Stlth    ..........             (no amulet)
HPRegen  0.09/turn              (no ring)
MPRegen  0.09/turn              (no ring)

@: no status effects
A: no striking features
a: no special abilities


You were on level 1 of the Dungeon.
You were not hungry.

You visited 1 branch of the dungeon, and saw 2 of its levels.

You collected 30 gold pieces.

Inventory:

Hand Weapons
 a - a +0 short sword (weapon)
Armour
 k - a +0 chain mail (worn)
   (You found it on level 1 of the Dungeon)
Wands
 d - a wand of enslavement (15)
 f - a wand of random effects (10)
 t - a wand of flame (15)
Scrolls
 b - a scroll of random uselessness {unknown}
 h - 2 scrolls of teleportation {unknown}
 j - a scroll of enchant armour {unknown}
Potions
 c - a potion of brilliance {unknown}
 i - a potion of cancellation {unknown}
Comestibles
 e - 2 rations


   Skills:
 + Level 1.6 Fighting
 - Level 1.0 Short Blades
 + Level 1.1 Armour
 + Level 2.4 Dodging
 - Level 1.0 Stealth
 + Level 3.3 Evocations


You had 2 spell levels left.
You didn't know any spells.
Your spell library was empty.

Dungeon Overview and Level Annotations

Branches:
Dungeon (2/15)

Altars:

Annotations:
D:2 Sigmund


Message History

The quokka bites you. The adder bites you but does no damage.
The quokka bites you but does no damage.
You climb upwards.
There is a stone staircase leading down here.
You hit the adder. The adder bites you but does no damage.
The quokka barely misses you.
You hit the adder. The adder bites you.
You are poisoned.
The adder poisons you! The quokka bites you. The adder barely misses you.
You closely miss the adder.
You feel sick.
The quokka bites you but does no damage.
The adder bites you but does no damage.
You miss the adder.
The quokka bites you but does no damage.
The adder bites you but does no damage. The quokka bites you.
* * * LOW HITPOINT WARNING * * *
The adder completely misses you.
You miss the adder. The quokka barely misses you.
The adder bites you but does no damage.
You closely miss the adder.
You feel sick. The adder closely misses you. The quokka bites you.
* * * LOW HITPOINT WARNING * * *
The adder bites you but does no damage.
You closely miss the adder. The quokka barely misses you.
The adder bites you but does no damage.
The quokka bites you but does no damage.
You hit the adder.
You kill the adder!
The quokka completely misses you.
You hit the quokka. The quokka bites you.
* * * LOW HITPOINT WARNING * * *
You closely miss the quokka.
You feel sick. The quokka closely misses you. The quokka barely misses you.
You closely miss the quokka.
The quokka bites you but does no damage.
You closely miss the quokka. The quokka bites you.
* * * LOW HITPOINT WARNING * * *
You hit the quokka.
The quokka bites you but does no damage.
You closely miss the quokka.
You feel sick.
You are no longer poisoned.
The quokka bites you.
* * * LOW HITPOINT WARNING * * *
The quokka bites you but does no damage.
You barely miss the quokka.
The quokka bites you but does no damage.
You closely miss the quokka.
The quokka bites you but does no damage.
The quokka bites you.
You die...

##########
#........#
#.##...#.########
#.##.#.#........#
#....#...######.####
#..#####....###....(
########
#..@.#..............
.......#
#.##r#.#.######...##
######.# #.##.†.#÷#
#.....# #.#
#........# ##...##
#.# #####.#####
##.... ####.#####
#.#...# #.###
#........# #.....#
#.# #.##.###.#
###...# ##'##
#.#...##.# ##.##
##...##


You could see a quokka.

Vanquished Creatures
  A gnoll (D:2)
  An adder (D:1)
  3 hobgoblins
  3 bats
  A frilled lizard (D:2)
  3 kobolds
12 creatures vanquished.

Notes
Turn   | Place    | Note
-------+----------+-------------------------------------------
     0 | D:1      | vurker the Human Artificer began the quest for the Orb.
     0 | D:1      | Reached XP level 1. HP: 15/15 MP: 3/3
   827 | D:2      | Reached XP level 2. HP: 21/21 MP: 4/4
   937 | D:2      | Noticed Sigmund
   969 | D:2      | Reached skill level 1 in Armour
   975 | D:2      | Reached XP level 3. HP: 26/26 MP: 5/5
   998 | D:1      | Slain by a quokka

Illustrated notes

Levels and vault maps discovered:
D:1:      heliophobic_arrival_ceremonial_halls, layout_loops_corners
D:2:      minmay_roachtagon, layout_loops_ring, nicolae_overflow_hidden_temple,
          nicolae_overflow_crystal_walls, led_sif_pool, lemuel_crystal_altar,
          first_ration, guppyfry_early_orc_mine, uniq_jessica, uniq_sigmund

Skill      XL: |  1  2 |
---------------+-------+-----
Armour         | 1 |  1.1
Fighting       | |  1.6
Short Blades   | |  1.0
Dodging        | |  2.4
Stealth        | |  1.0
Evocations     | |  3.3

Action                   || total
-------------------------++-------
Melee: Short sword       ||    45
Evoke: Wand              ||     5
 Stab: Sleeping          ||     2
Armor: Leather armour    ||     2
       Chain mail        ||    24
Dodge: Dodged            ||    24

Table legend:
 A = Non-vault XP
 B = Vault XP
 C = Vault XP percentage of total XP
 D = Non-vault monster count
 E = Vault monster count
 F = Vault count percentage of total count
                 A         B        C        D         E       F
            +---------+---------+-------+---------+---------+-------
      Total |      43 |       0 |   0.0 |      12 |       0 |   0.0
            +---------+---------+-------+---------+---------+-------
        D:1 |      21 |       0 |   0.0 |       6 |       0 |   0.0
        D:2 |      22 |       0 |   0.0 |       6 |       0 |   0.0
            +---------+---------+-------+---------+---------+-------
